 Dungeon Crawl Stone Soup version 0.17.2-1-ge4368a0 (webtiles) character file.

49 rlgrobin the Insei (level 3, 0/29 HPs)
             Began as a Mummy Monk on Apr 19, 2017.
             Slain by Blork the orc
             ... wielding a +0 scimitar
              (9 damage)
             ... on level 4 of the Dungeon.
             The game lasted 00:02:28 (2074 turns).

rlgrobin the Insei (Mummy Monk)                     Turns: 2074, Time: 00:02:29

Health: 0/29       AC:  1    Str: 14    XL:     3   Next: 53%
Magic:  3/3        EV: 13    Int:  9    God:
Gold:   69         SH:  0    Dex: 15    Spells: 0 memorised, 2 levels left

rFire  x . .     SeeInvis .       - Unarmed
rCold  + . .     Clarity  .     (no armour)
rNeg   + + +     SustAt   .     (no shield)
rPois  ∞         Gourm    .     (no helmet)
rElec  .         Spirit   .     (no cloak)
rCorr  .         Warding  .     (no gloves)
rMut   .         Stasis   .     b - +0 pair of boots
MR     .....                    (no amulet)
Stlth  ++........               (no ring)
                                (no ring)

@: not resistant to hostile enchantments, unstealthy
A: no food or potions, fire vulnerability, cold resistance 1, negative energy
resistance 3, torment resistance, unbreathing
a: no special abilities


You were on level 4 of the Dungeon.
You were not hungry.

You visited 1 branch of the dungeon, and saw 5 of its levels.

You collected 69 gold pieces.


Innate Abilities, Weirdness & Mutations

You do not eat or drink.
Your flesh is vulnerable to fire.
You are immune to poison.
Your flesh is cold resistant.
You are immune to negative energy.
You are immune to unholy pain and torment.
You can survive without breathing.


   Skills:
 - Level 3.0 Fighting
 - Level 2.4 Dodging
 - Level 1.5 Stealth
 + Level 4.4 Unarmed Combat


You had 2 spell levels left.
You didn't know any spells.

Inventory:

Armour
 b - a +0 pair of boots (worn)
Scrolls
 a - 3 scrolls of teleportation {unknown}
 c - a scroll of random uselessness {unknown}
 d - a scroll of noise {unknown}

Dungeon Overview and Level Annotations

Branches:
Dungeon (5/15)
 Temple: D:4-7

Altars:
Nemelex Xobeh
Zin

Annotations:
D:4 exclusions: ice beast, ooze, orc, orc wizard and quokka, Blork the orc J

... ... .. ▒▒▒▒▒▒▒▒▒
.. ......o.▒ .▒
.......M▒ .▒
........▒▒▒▒▒▒▒▒▒▒▒▒▒
.▒
▒▒▒▒▒▒▒.............▒
.▒ ▒.............▒ .▒
▒.............▒ .▒
▒.............▒ ▒ .▒
▒.............▒▒.▒ .▒
▒................▒ .▒
▒.............▒▒▒▒


You could see Blork the orc.


Message History

Blork the orc barely misses you!
You pummel Blork the orc like a punching bag!
Blork the orc is lightly wounded!
Blork the orc barely misses you!
You pulverise Blork the orc!
Blork the orc is moderately wounded!
Blork the orc hits you with a scimitar!!! * * * don't die
* * * You take 10 damage, and have 10/29 hp!
MASSIVE DAMAGE!!!!!!
You are too injured to fight recklessly!!!
You are too injured to fight recklessly!!!
You are too injured to fight recklessly!!!
You are too injured to fight recklessly!!!
You are too injured to fight recklessly!!!
You are too injured to fight recklessly!!!
You pulverise Blork the orc!
Blork the orc is heavily wounded!
Blork the orc hits you with a scimitar! * * * don't die
* * * You take 1 damage, and have 9/29 hp!
You beat Blork the orc into a bloody pulp!
Blork the orc is heavily wounded!
You closely miss Blork the orc!
Blork the orc is heavily wounded!
Blork the orc misses you!
You beat Blork the orc into a bloody pulp!
You punch Blork the orc!
Blork the orc is severely wounded!
Blork the orc hits you with a scimitar!!! rip

Action                   || total
-------------------------++-------
Melee: Unarmed           ||   108
 Stab: Sleeping          ||     4

Vault maps used:
D:1:      dpeg_arrival_boxes_within_box, lemuel_flame_loot_1
D:2:      overflow_temple_1_default, ecumenical_altar_2, first_bread
D:3:      minitemple, old_standard_altar, lemuel_crystal_altar,
          serial_corexii_hall, corexii_hall_statues_l, corexii_hall_statues_i
D:4:      uniq_blork_the_orc
D:5:      temple_doors_a, elyvilon_altar_3, uniq_menkaure

Notes
Turn   | Place    | Note
--------------------------------------------------------------
     0 | D:1      | rlgrobin the Mummy Monk began the quest for the Orb.
     0 | D:1      | Reached XP level 1. HP: 18/18 MP: 1/1
   114 | D:2      | Found a faded altar to an unknown god.
   337 | D:2      | Reached XP level 2. HP: 16/24 MP: 2/2
   582 | D:2      | Reached skill level 4 in Unarmed Combat
   963 | D:2      | Found a glowing silver altar of Zin.
  1263 | D:3      | You fall through a shaft for 2 floors!
  1263 | D:5      | Entered Level 5 of the Dungeon
  1275 | D:4      | Noticed an ice beast
  1554 | D:3      | Found a sparkling altar of Nemelex Xobeh.
  1576 | D:3      | Reached XP level 3. HP: 18/29 MP: 3/3
  2062 | D:4      | Noticed Blork the orc
  2074 | D:4      | Slain by Blork the orc

Vanquished Creatures
  3 adders
  An orc (D:3)
  A giant cockroach (D:1)
  2 hobgoblins
  3 jackals (D:2)
  A quokka (D:2)
  2 bats (D:1)
  2 giant newts
  A goblin (D:1)
  3 kobolds (D:2)
  3 rats
22 creatures vanquished.
